 Dungeon Crawl Stone Soup version 0.20.1-1-g8b1a95d (webtiles) character file.

255 JackS81 the Caller (level 5, -4/28 HPs)
             Began as a Deep Elf Summoner on Aug 21, 2017.
             Slain by an iron imp (6 damage)
             ... summoned by Eustachio
             ... on level 4 of the Dungeon.
             The game lasted 00:30:36 (3391 turns).

JackS81 the Caller (Deep Elf Summoner)              Turns: 3391, Time: 00:30:37

Health: -4/28      AC:  5    Str:  5    XL:     5   Next: 91%
Magic:  0/11       EV: 13    Int: 21    God:
Gold:   125        SH:  0    Dex: 15    Spells: 4/10 levels left

rFire    . . .     SeeInvis .   z - +0 halberd (chop)
rCold    . . .     Gourm    .   (shield currently unavailable)
rNeg     . . .     Faith    .   a - +0 robe
rPois    .         Spirit   .   v - +2 helmet
rElec    .         Reflect  .   (no cloak)
rCorr    .         Harm     .   (no gloves)
MR       .....                  (no boots)
Stlth    ++........             (no amulet)
Regen    0.1/turn               C - ring of wizardry
MPRegen  0.2/turn               (no ring)

@: about to teleport
A: no striking features
a: no special abilities


You were on level 4 of the Dungeon.
You were not hungry.

You visited 1 branch of the dungeon, and saw 4 of its levels.

You collected 125 gold pieces.

Inventory:

Hand Weapons
 d - a +0 dagger
 n - a +0 whip
 y - a +1 dagger of speed
 z - a +0 halberd of chopping (weapon)
Missiles
 k - 28 poisoned needles
Armour
 a - a +0 robe (worn)
 e - a +2 shield of protection
 v - a +2 helmet (worn)
Jewellery
 C - a ring of wizardry (left hand)
Wands
 s - a wand of acid (9/15)
Scrolls
 c - 3 scrolls of remove curse
 f - 5 scrolls of identify
 i - a scroll of fear {unknown}
 l - a scroll of immolation {unknown}
 m - a scroll of blinking {unknown}
 o - 4 scrolls of magic mapping {unknown}
 p - a scroll of noise {unknown}
 q - 2 scrolls of enchant weapon {unknown}
 t - a scroll of enchant armour {unknown}
 x - a scroll of teleportation
Potions
 h - a potion of might {unknown}
 j - a potion of curing {unknown}
 r - a potion of agility {unknown}
 w - a potion of magic {unknown}
 A - a potion of flight {unknown}
 D - a potion of resistance {unknown}
 E - a potion of mutation {unknown}
Books
 b - a book of Callings

   Spells                             Type                      Level
   a - Summon Small Mammal            Summoning                    1
   b - Call Imp                       Summoning                    2
   c - Call Canine Familiar           Summoning                    3
   d - Summon Guardian Golem          Hexes/Summoning              3
   e - Summon Lightning Spire         Summoning/Air                4
   f - Summon Ice Beast               Ice/Summoning                4
Comestibles
 g - 3 meat rations
 u - a bread ration


   Skills:
 - Level 0.1 Maces & Flails
 - Level 0.2 Polearms
 - Level 2.4 Dodging
 - Level 2.4 Stealth
 - Level 3.0 Spellcasting
 * Level 7.8 Summonings


You had 4 spell levels left.
You knew the following spells:

 Your Spells              Type           Power        Failure   Level  Hunger
a - Summon Small Mammal   Summ           ####         1%          1    None
b - Call Imp              Summ           #####...     1%          2    ##.....
c - Summon Guardian Gole  Hex/Summ       ###.....     3%          3    ###....


Dungeon Overview and Level Annotations

Branches:
Dungeon (4/15)
 Temple: D:4-7

Altars:
Ashenzari
Fedhas
Hepliaklqana
Yredelemnul

Annotations:
D:4 Eustachio


Message History

The iron imp barely misses your quokka.
Eustachio barely misses your shadow imp.
The ufetubus hits you.
* * * LOW HITPOINT WARNING * * *
The ufetubus completely misses you.
Your quokka bites the iron imp but does no damage.
Your shadow imp hits Eustachio.
The quokka bites your guardian golem but does no damage.
The ufetubus hits you.
* * * LOW HITPOINT WARNING * * *
The ufetubus closely misses you. The iron imp hits you.
* * * LOW HITPOINT WARNING * * *
Your white imp barely misses Eustachio.
As you read the scroll of teleportation, it crumbles to dust.
You feel strangely unstable.
Eustachio mumbles some strange words.
Eustachio blinks!
The ufetubus completely misses you. x2
The quokka bites your guardian golem but does no damage.
Your shadow imp hits the ufetubus.
The iron imp hits you.
You die...

##.## #...# #.# #.........#
##..# #.#.# #.# #.........#
....#####.#.###.# #.........#
##..............## #.........#
##..####.#..#...# #.........#
####.# #.##.....#####.......##
..##.# ##.##................##
#....# #.....###r#####.#.......
###..###..##.@..@5..##.#.......
................555.##.#.......
###.......#......58r##.#.......
###..............†r...........
##.[..##..############.<...[...
÷..##.##..... #......
#####.##..###.. .... #..#..#
... ##.#..# .#


You could see Eustachio, 2 iron imps, an ufetubus, a quokka, a rat, a friendly
guardian golem, a friendly white imp, a friendly shadow imp and a friendly
quokka.

Vanquished Creatures
  A worker ant (D:4)
  An adder (D:4)
  A bat (D:1)
  A giant cockroach (D:3)
  2 hobgoblins
  A quokka (D:4)
  2 goblins
  A quokka skeleton (D:4)
10 creatures vanquished.

Vanquished Creatures (collateral kills)
  A howler monkey (D:4)
  A hound (D:4)
  2 iguanas
  A worker ant (D:4)
  An orc wizard (D:4)
  Robin (D:2)
  4 gnolls (D:3)
  5 adders
  An ooze (D:1)
  A worm (D:2)
  3 dart slugs
  5 leopard geckos
  3 orcs
  6 bats
  14 goblins
  13 hobgoblins
  3 quokkas
  3 ball pythons
  8 frilled lizards
  5 kobolds
  4 rats
85 creatures vanquished.

Grand Total: 95 creatures vanquished

Notes
Turn   | Place    | Note
-------+----------+-------------------------------------------
     0 | D:1      | JackS81 the Deep Elf Summoner began the quest for the Orb.
     0 | D:1      | Reached XP level 1. HP: 10/10 MP: 6/6
   301 | D:1      | Reached XP level 2. HP: 15/15 MP: 4/8
   351 | D:1      | Learned a level 2 spell: Call Imp
   372 | D:1      | Reached skill level 5 in Summonings
  1194 | D:2      | Found a basalt altar of Yredelemnul.
  1195 | D:2      | Found a blossoming altar of Fedhas.
  1197 | D:2      | Found a hazy altar of Hepliaklqana.
  1267 | D:2      | Reached XP level 3. HP: 18/19 MP: 6/9
  1485 | D:2      | Noticed Robin
  1509 | D:2      | Killed Robin
  1881 | D:3      | Reached skill level 6 in Summonings
  2280 | D:3      | Reached XP level 4. HP: 20/24 MP: 5/10
  2505 | D:3      | Learned a level 3 spell: Summon Guardian Golem
  2845 | D:3      | Found a shattered altar of Ashenzari.
  2966 | D:4      | Reached XP level 5. HP: 28/28 MP: 8/11
  3004 | D:4      | Reached skill level 7 in Summonings
  3338 | D:4      | Noticed Eustachio
  3391 | D:4      | Slain by an iron imp

Skill      XL: |  1  2  3  4  5 |
---------------+----------------+-----
Summonings     | 5 6 7 |  7.8
Maces & Flails | |  0.1
Polearms       | |  0.2
Dodging        | |  2.4
Stealth        | |  2.4
Spellcasting   | |  3.0

Action                   |  1- 3 |  4- 6 || total
-------------------------+-------+-------++-------
Melee: Dagger            |     2 |     5 ||     7
       Whip              |    24 |     1 ||    25
       Halberd           |       |    43 ||    43
 Cast: Summon Small Mamm |    50 |     3 ||    53
       Call Imp          |    18 |    16 ||    34
       Summon Guardian G |       |     3 ||     3
  Use: Scroll            |     3 |     1 ||     4
 Stab: Sleeping          |     2 |     6 ||     8
       Distracted        |       |     1 ||     1
  Eat: Chunk             |     3 |     2 ||     5
       Bread ration      |     1 |       ||     1
Armor: Robe              |    27 |    22 ||    49
Dodge: Dodged            |    19 |    38 ||    57
Block: Shield            |    29 |    14 ||    43
